 Dungeon Crawl Stone Soup version 0.31-a0-835-g2a3a5bc (webtiles) character file.

Game seed: 936185763249554300

4078 BarneyGumball the Destroyer (level 10, -5/63 HPs)
             Began as an Octopode Earth Elementalist on Sept 25, 2023.
             Was a Believer of Vehumet.
             Slain by a komodo dragon (9 damage)
             ... on level 8 of the Dungeon.
             The game lasted 00:43:01 (11041 turns).

BarneyGumball the Destroyer (OpEE)                 Turns: 11041, Time: 00:43:01

Health: -5/63      AC:  1    Str:  8    XL:     10   Next: 25%
Magic:  1/13       EV: 15    Int: 21    God:    Vehumet [**....]
Gold:   389        SH: 11    Dex: 25    Spells: 5/13 levels left

rFire   . . .        c - +3 whip (drain)
rCold   . . .        y - +0 buckler
rNeg    . . .        (helmet restricted)
rPois   .            d - amulet of reflection
rElec   .            m - +6 ring of dexterity
rCorr   .            A - +6 ring of dexterity
SInv    .            I - ring of willpower
Will    +....        (no ring)
Stlth   ++++         (no ring)
HPRegen 0.30/turn    (no ring)
MPRegen 0.13/turn    (no ring)
                     (no ring)

%: reflection
@: lethally poisoned (-5 -> -15)
A: almost no armour, amphibious, 8 rings, camouflage 1, gelatinous body 1,
(nimble swimmer 1), tentacles
a: Renounce Religion


You were on level 8 of the Dungeon.
You worshipped Vehumet.
Vehumet was pleased with you.
You visited 2 branches of the dungeon, and saw 9 of its levels.
You also visited: Sewer and Ossuary.

You collected 389 gold pieces.

Inventory:

Hand Weapons
 c - a +3 whip of draining (weapon)
Missiles
 f - 27 poisoned darts
Armour
 y - a +0 buckler (worn)
Jewellery
 d - an amulet of reflection (around mantle)
 m - a +6 ring of dexterity (left tentacle)
 A - a +6 ring of dexterity (right tentacle)
 H - a ring of fire
 I - a ring of willpower (on tentacle)
Talismans
 K - a talisman of death
Wands
 s - a wand of iceblast (12)
 v - a wand of flame (17)
 x - a wand of paralysis (8)
 C - a wand of mindburst (6)
 F - a wand of digging (2)
Scrolls
 i - a scroll of amnesia {unknown}
 j - 3 scrolls of vulnerability
 l - 5 scrolls of teleportation
 p - 3 scrolls of enchant armour
 r - 3 scrolls of poison
 t - 2 scrolls of enchant weapon
 u - 2 scrolls of fear {unknown}
 B - 2 scrolls of immolation {unknown}
 D - a scroll of fog {unknown}
 E - 2 scrolls of blinking {unknown}
Potions
 a - 3 potions of magic
 b - 2 potions of ambrosia
 e - 4 potions of heal wounds
 g - a potion of cancellation {unknown}
 h - a potion of resistance {unknown}
 k - a potion of might {unknown}
 o - 7 potions of haste
 q - 3 potions of mutation
 w - a potion of enlightenment {unknown}
 z - a potion of brilliance {unknown}
 G - a potion of berserk rage {unknown}
 J - 3 potions of lignification {unknown}


   Skills:
 - Level 4.0 Fighting
 - Level 4.0 Dodging
 - Level 3.0 Stealth
 - Level 4.0 Shields
 - Level 2.0 Spellcasting
 + Level 9.9 Conjurations
 - Level 5.0 Transmutations
 - Level 7.0 Earth Magic


You had 5 spell levels left.
You knew the following spells:

 Your Spells              Type           Power      Damage    Failure   Level
a - Sandblast             Erth           62%        2d14      1%          1
b - Blink                 Tloc           4%         N/A       32%         2
c - Stone Arrow           Conj/Erth      74%        3d11      1%          3
d - Passwall              Tmut/Erth      22%        N/A       2%          2

Your spell library contained the following spells:

 Spells                   Type           Power      Damage    Failure   Level
 Freeze                   Ice            8%         1d3       22%         1
 Magic Dart               Conj           100%       1d8       1%          1
 Brom's Barrelling Bould  Conj/Erth      37%        2d6       7%          4
 Sting                    Tmut/Pois      48%        1d5       8%          1
 Mephitic Cloud           Conj/Pois/Air  16%        N/A       17%         3
 Petrify                  Tmut/Erth      27%        N/A       19%         4
 Necrotise                Necr           8%         1d4       22%         1
 Irradiate                Conj/Tmut      16%        3d17      28%         5
 Call Imp                 Summ           4%         N/A       32%         2
 Cigotuvi's Dreadful Rot  Necr/Pois/Air  4%         N/A       32%         2
 Poisonous Vapours        Pois/Air       4%         N/A       32%         2
 Sublimation of Blood     Necr           2%         N/A       32%         2
 Ignite Poison            Fire/Tmut/Pois 9%         N/A       34%         3
 Vampiric Draining        Necr           2%         2d6       54%         3
 Borgnjor's Vile Clutch   Necr/Erth      8%         N/A       82%         5
 Freezing Cloud           Conj/Ice/Air   8%         6-21      85%         5
 Animate Dead             Necr           2%         N/A       91%         4
 Dispel Undead            Necr           2%         3d7       91%         4
 Manifold Assault         Tloc           2%         N/A       91%         4
 Olgreb's Toxic Radiance  Pois           2%         N/A       91%         4
 Agony                    Necr           2%         N/A       99%         5
 Death Channel            Necr           1%         N/A       100%        6


Dungeon Overview and Level Annotations

Branches:
Dungeon (8/15)             Temple (1/1) D:4            Lair (0/5) D:8
  Sewer (visited)         Ossuary (visited)

Altars:
Ashenzari
Cheibriados
Dithmenos
Elyvilon
Fedhas
Gozag
Hepliaklqana
Kikubaaqudgha
Makhleb
Nemelex Xobeh
Okawaru
Qazlal
Ru
Sif Muna
Trog
Uskayaw
Vehumet
Wu Jian
Xom
Yredelemnul
Zin
The Shining One

Annotations:
D:3 Sigmund
D:6 Jeremiah


Innate Abilities, Weirdness & Mutations

You cannot wear most types of armour.
You are amphibious.
You can wear up to eight rings at the same time.
Your skin changes colour to match your surroundings (Stealth+).
Your rubbery body absorbs attacks. (AC +1, EV +1)
((You are camouflaged when in or above water. (Stealth+)))
You have tentacles for arms and can constrict up to eight enemies at once.


Message History

The water moccasin poisons you!
The komodo dragon completely misses you.
Casting: Sandblast (safe; 1% risk of failure)
Confirm with . or Enter, or press ? or * to list all spells.
Aiming: Sandblast (safe; 1% risk of failure)
Press: ? - help, Shift-Dir - straight line, f/p - komodo dragon
Aim: a komodo dragon (almost dead, lightly drained, 88% to hit)
The blast of sand misses the komodo dragon.
You feel very sick. The water moccasin barely misses you.
You block the komodo dragon's attack.
The water moccasin completely misses you.
You closely miss the komodo dragon.
The komodo dragon is almost dead.
You feel sick. The water moccasin bites you. The komodo dragon bites you!
* * * LOW HITPOINT WARNING * * *
The water moccasin barely misses you.
Okay, then.
Unknown command.
You feel much better.
You feel sick. The komodo dragon bites you!!
* * * LOW HITPOINT WARNING * * *
The water moccasin bites you!
* * * LOW HITPOINT WARNING * * *
You feel better. The water moccasin bites you!
* * * LOW HITPOINT WARNING * * *
You are lethally poisoned!
The water moccasin poisons you! You block the komodo dragon's attack.
You feel better. The water moccasin bites you.
* * * LOW HITPOINT WARNING * * *
You are lethally poisoned!
The water moccasin poisons you! The komodo dragon barely misses you.
You block the water moccasin's attack.
Okay, then.
As you read the scroll labelled UNAEHO UMOECKI, it crumbles to dust.
It is a scroll of enchant weapon.
Your +2 whip of draining glows red for a moment.
* * * LOW HITPOINT WARNING * * *
You feel very sick.
The komodo dragon hisses menacingly.
The komodo dragon bites you!
You die...

##.#
#..####.####.###....†.....
#.# #..#.).......#
#.......... #.#
#..#.##.##.####..........P
#.#####..#†##.##.#
#...........
#..........)..##.#
#.....o......
#######..#.##.##.#
#............ #..#.##.##.#
..P... ....S.
#..#.......##...... ......
## #..##.###@##..P....
...... .# #.....#
#Sl........ >.P... .####
##.##.###...#.............
.)..#
#.###....#.......P.......
.<..# #.#
####..............P.o
....# #.#
##.#.#.......P.... ....#
#.# #.#.#.......o....
....# #.#
#.#.#...........P #.###
#.#######.#.#.... .......


You could see a komodo dragon (drained) and a water moccasin.

Vanquished Creatures
  A yak (D:5)
  2 wyverns
  Eustachio (D:6)
  2 water moccasins (D:8)
  3 black bears
  2 orc warriors
  An ogre (D:5)
  A centaur (D:8)
  A lemure (D:5)
  Blork the orc (D:4)
  4 elf zombies (Ossuary)
  A kobold brigand (D:8)
  10 bullfrogs
  5 scorpions
  2 gnoll sergeants
  4 wights (D:6)
  An electric eel (D:6)
  2 human zombies (Ossuary)
  3 jellies
  3 hounds
  2 orc priests (D:8)
  3 centaur zombies (Ossuary)
  3 iguanas
  5 orc wizards
  3 mummies (Ossuary)
  5 adders
  14 gnolls
  5 river rats (Sewer)
  A white imp (D:6)
  An adder zombie (Ossuary)
  A worm (D:2)
  A dart slug (D:4)
  6 orcs
  3 bats (D:1)
  7 endoplasms
  4 giant cockroaches
  6 goblins
  5 hobgoblins
  3 quokkas (D:3)
  14 ball pythons
  A frilled lizard (D:3)
  5 goblin zombies
  4 hobgoblin zombies (Ossuary)
  4 jackal zombies (Ossuary)
  27 kobolds
  2 kobold zombies (Ossuary)
  5 quokka zombies
  21 rats
  6 rat zombies (Ossuary)
217 creatures vanquished.

Vanquished Creatures (others)
  5 dream sheep (D:6)
5 creatures vanquished.

Grand Total: 222 creatures vanquished

Notes
Turn   | Place    | Note
-------+----------+-------------------------------------------
     0 | D:1      | BarneyGumball the Octopode Earth Elementalist began the
                  | quest for the Orb.
     0 | D:1      | Reached XP level 1. HP: 11/11 MP: 3/3
   258 | D:1      | Reached skill level 1 in Conjurations
   258 | D:1      | Reached XP level 2. HP: 17/17 MP: 3/5
  1080 | D:2      | Reached XP level 3. HP: 21/21 MP: 3/6
  1084 | D:2      | Learned a level 3 spell: Stone Arrow
  1087 | D:2      | Learned a level 2 spell: Blink
  1263 | D:2      | Reached skill level 2 in Conjurations
  1693 | D:3      | Noticed Sigmund
  1768 | D:3      | Found a glowing drain.
  1781 | D:3      | Reached XP level 4. HP: 25/27 MP: 0/7
  1851 | Sewer    | Entered a sewer
  2286 | Sewer    | Reached skill level 3 in Conjurations
  2286 | Sewer    | Reached XP level 5. HP: 24/31 MP: 0/8
  3148 | D:3      | Found a faded altar of an unknown god.
  3525 | D:4      | Noticed Blork the orc
  3570 | D:4      | Learned a level 2 spell: Passwall
  3584 | D:4      | Reached skill level 5 in Earth Magic
  3584 | D:4      | Reached XP level 6. HP: 36/36 MP: 1/9
  3682 | D:4      | Found a staircase to the Ecumenical Temple.
  3691 | Temple   | Entered the Ecumenical Temple
  3706 | Temple   | Became a worshipper of Vehumet
  3919 | D:4      | Reached skill level 4 in Conjurations
  4175 | D:4      | Found a bloodstained altar of Trog.
  4256 | D:4      | Found a hazy altar of Hepliaklqana.
  4479 | D:4      | Found a glowing golden altar of the Shining One.
  5210 | D:4      | Reached XP level 7. HP: 41/41 MP: 6/10
  5297 | D:4      | Killed Blork the orc
  5356 | D:4      | Reached skill level 5 in Conjurations
  5442 | D:5      | Entered Level 5 of the Dungeon
  5720 | D:5      | Found a sand-covered staircase.
  5741 | Ossuary  | Entered an ossuary
  5999 | Ossuary  | Reached skill level 1 in Fighting
  6207 | Ossuary  | Reached XP level 8. HP: 50/50 MP: 0/11
  6320 | Ossuary  | Reached * piety under Vehumet
  6320 | Ossuary  | Offered knowledge of Kiss of Death by Vehumet.
  6873 | D:5      | Noticed a yak
  6917 | D:5      | Killed a yak
  7011 | D:5      | Noticed a yak
  7172 | D:6      | Noticed Eustachio
  7209 | D:6      | Killed Eustachio
  7372 | D:6      | Noticed Jeremiah
  7881 | D:6      | Reached XP level 9. HP: 54/58 MP: 9/12
  8370 | D:6      | Reached skill level 6 in Conjurations
  8461 | D:6      | Found a shimmering altar of Xom.
  9532 | D:7      | Reached skill level 7 in Conjurations
  9658 | D:8      | Reached skill level 5 in Transmutations
  9860 | D:8      | Reached skill level 8 in Conjurations
  9938 | D:8      | Offered knowledge of Freeze by Vehumet.
  9944 | D:8      | Reached ** piety under Vehumet
 10121 | D:8      | Noticed a komodo dragon
 10365 | D:8      | Reached XP level 10. HP: 63/63 MP: 4/13
 10423 | D:8      | Reached skill level 9 in Conjurations
 10676 | D:8      | Found a staircase to the Lair.
 11041 | D:8      | Slain by a komodo dragon

Illustrated notes

Levels and vault maps discovered:
D:1:      onia_arrival_mini_spirals, layout_basic, serial_bayou_pond_c,
          minmay_misc_feat_secret_circle, amcnicky_mini_pool_small,
          chequers_garden, minivault_24
D:2:      layout_basic, minmay_shallow_snake_nest
D:3:      layout_rooms, shapermc_ecumenical_altar_ellora, gup_sewer_entry_pipe,
          uniq_sigmund
D:4:      layout_basic, mainiacjoe_overflow_surrounded_room,
          mainiacjoe_overflow_two_lobes, minmay_temple_entry_junction_2,
          lightli_minifort, uniq_blork_the_orc
D:5:      layout_loops_cross, enter_ossuary_4, dreamdust_princess_bridge,
          uniq_pikel
D:6:      minmay_octagon_keep, layout_loops_ring, kb_xom_exploding_sheep,
          minivault_4, grunt_decor_junction, uniq_eustachio, uniq_jeremiah
D:7:      layout_basic
D:8:      layout_loops_ring, due_lair_maze_entry_diamond,
          minmay_chambers_of_fives
Temple:   regret_index_temple_chain_breaker

Skill      XL: |  1  2  3  4  5  6  7  8  9 10 |
---------------+-------------------------------+-----
Conjurations   | 1 2 3 4 5 8 9 |  9.9
Earth Magic    | 4 5 7 |  7.0
Fighting       | 2 4 |  4.0
Dodging        | 3 4 |  4.0
Shields        | 4 |  4.0
Stealth        | 3 |  3.0
Transmutations | 5 |  5.0
Spellcasting   | |  2.0

Action                     |  1- 3 |  4- 6 |  7- 9 | 10-12 || total
---------------------------+-------+-------+-------+-------++-------
  Melee: Unarmed           |     2 |       |       |       ||     2
         Constrict         |     2 |     8 |    21 |     3 ||    34
         Tentacles         |     1 |     5 |    19 |     5 ||    30
         Dagger            |     2 |    25 |       |       ||    27
         Whip              |       |       |    57 |    23 ||    80
         Punch             |       |       |     1 |       ||     1
   Cast: Sandblast         |    53 |   101 |    79 |     6 ||   239
         Stone Arrow       |       |    16 |    92 |    19 ||   127
         Passwall          |       |       |     1 |       ||     1
    Use: Scroll            |       |       |    10 |     1 ||    11
         Potion            |       |       |       |     5 ||     5
 Armour: Skin              |     7 |    38 |    46 |    25 ||   116
  Dodge: Dodged            |     5 |    41 |    38 |    25 ||   109
  Block: Other             |       |    16 |     7 |       ||    23
         Reflection        |       |     2 |     1 |       ||     3
         Buckler           |       |       |    23 |    24 ||    47

Table legend: (Time is in decaauts)
 A = Elapsed time spent in this place.
 B = Non-inter-level travel time spent in this place.
 C = Inter-level travel time spent in this place.
 D = Time resting spent in this place.
 E = Time spent auto-exploring this place.
 F = Levels seen in this place.
 G = Mean time per level.
                   A        B        C        D        E       F      G
               +--------+--------+--------+--------+--------+-----+--------+
         Total |  11170 |  10574 |    596 |   3429 |   3887 |  11 | 1015.5 |
       Dungeon |   9020 |   8453 |    567 |   2249 |   3887 |   8 | 1127.5 |
        Temple |     30 |      1 |     29 |      0 |      0 |   1 |   30.0 |
         Sewer |   1129 |   1129 |      0 |    498 |      0 |   1 | 1129.0 |
       Ossuary |    989 |    989 |      0 |    682 |      0 |   1 |  989.0 |
               +--------+--------+--------+--------+--------+-----+--------+

Top non-repeatable levels by time:
     D:4: 1888 daAuts
     D:6: 1354 daAuts
     D:8: 1315 daAuts
     D:7: 1230 daAuts
   Sewer: 1129 daAuts
 Ossuary: 989 daAuts
     D:1: 960 daAuts
     D:2: 880 daAuts
     D:5: 763 daAuts
     D:3: 627 daAuts
  Temple: 30 daAuts
